 Dungeon Crawl Stone Soup version 0.21.1-1-g345015f (webtiles) character file.

2747 Mirai the Thaumaturge (level 9, -22/44 (45) HPs)
             Began as a Deep Elf Conjurer on Apr 5, 2018.
             Was a Priest of Vehumet.
             Annihilated by a two-headed ogre
             ... wielding a +0 giant club
              (36 damage)
             ... on level 7 of the Dungeon.
             The game lasted 00:26:37 (7739 turns).

Mirai the Thaumaturge (Deep Elf Conjurer)           Turns: 7739, Time: 00:26:37

HP:   -22/44 (45)   AC:  5    Str:  5    XL:     9   Next: 41%
MP:   18/26         EV: 12    Int: 24    God:    Vehumet [***...]
Gold: 469           SH:  4    Dex: 15    Spells: 16/30 levels left

rFire    + . .     SeeInvis .   t - +0 war axe (flame)
rCold    + . .     Gourm    .   i - +1 buckler
rNeg     . . .     Faith    +   G - +1 robe {MR+}
rPois    +         Spirit   .   a - +0 helmet
rElec    .         Reflect  .   x - scarf {rC+ rF+}
rCorr    +         Harm     .   d - +0 pair of gloves
MR       +....                  (no boots)
Stlth    ++........             F - amulet of faith
HPRegen  0.14/turn              e - ring of poison resistance
MPRegen  0.20/turn              n - ring of resist corrosion

@: no status effects
A: no striking features
a: Renounce Religion


You were on level 7 of the Dungeon.
You worshipped Vehumet.
Vehumet was most pleased with you.
You were not hungry.

You visited 1 branch of the dungeon, and saw 7 of its levels.
You also visited: Sewer.

You collected 469 gold pieces.

Inventory:

Hand Weapons
 t - a +0 war axe of flaming (weapon)
Armour
 a - a +0 helmet (worn)
 d - a +0 pair of gloves (worn)
 i - a +1 buckler (worn)
 x - a scarf of resistance (worn)
 G - a +1 robe of magic resistance (worn)
Jewellery
 e - a ring of poison resistance (left hand)
 k - an uncursed ring of ice
 n - a ring of resist corrosion (right hand)
 F - an amulet of faith (around neck)
Wands
 r - a wand of digging (12)
 v - a wand of acid (1)
Scrolls
 g - a scroll of blinking
 h - 5 scrolls of identify
 j - 4 scrolls of remove curse
 l - a scroll of enchant weapon
 o - 4 scrolls of amnesia
 q - 2 scrolls of magic mapping
 w - 6 scrolls of teleportation
 y - a scroll of fear
 D - a scroll of enchant armour
Potions
 f - 6 potions of curing
 m - a potion of might
 p - a potion of resistance
 s - a potion of ambrosia
 u - 2 potions of heal wounds
 z - 3 potions of flight
 A - a potion of magic
 B - a potion of degeneration {unknown}
 C - a potion of agility
Books
 b - a book of Conjurations

   Spells                             Type                      Level
   a - Magic Dart                     Conjuration                  1
   b - Searing Ray                    Conjuration                  2
   c - Dazzling Spray                 Conjuration/Hexes            3
   d - Fulminant Prism                Conjuration/Hexes            4
   e - Force Lance                    Conjuration/Translocation    4
   f - Iskenderun's Mystic Blast      Conjuration                  4
Comestibles
 c - 16 rations
 E - 2 chunks of flesh


   Skills:
 - Level 2.4 Dodging
 - Level 2.4 Stealth
 + Level 11.1 Spellcasting
 + Level 7.6 Conjurations
 - Level 7.0 Hexes
 * Level 1.5 Fire Magic
 + Level 6.0 Evocations


You had 16 spell levels left.
You knew the following spells:

 Your Spells              Type           Power        Failure   Level  Hunger
a - Magic Dart            Conj           ####         1%          1    None
b - Searing Ray           Conj           ######       1%          2    None
c - Iskenderun's Mystic   Conj           ######..     1%          4    None
d - Fulminant Prism       Conj/Hex       #####.....   1%          4    None
e - Conjure Flame         Conj/Fire      #####...     1%          3    None


Dungeon Overview and Level Annotations

Branches:
Dungeon (7/15)             Temple (0/1) D:6

Altars:
Ashenzari
Cheibriados
Dithmenos
Gozag
Kikubaaqudgha
Nemelex Xobeh
Qazlal
Trog
Uskayaw
Vehumet
Wu Jian
Xom
Yredelemnul
The Shining One

Shops:
D:6 (   D:7 (


Message History

You finish channeling your searing ray.
Casting: Searing Ray
Confirm with . or Enter, or press ? or * to list all spells.
Aiming: Searing Ray
Press: ? - help, Shift-Dir - straight line, f/p - two-headed ogre
Aim: a two-headed ogre, wielding a giant club and a giant spiked club (severely wounded)
The searing ray hits the two-headed ogre.
The two-headed ogre is severely wounded. (Press . to maintain the ray.)
The two-headed ogre closely misses you. You block the two-headed ogre's attack.
The searing ray hits the two-headed ogre.
The two-headed ogre is almost dead.
The two-headed ogre hits you with a giant club!!
Ouch! That really hurt!
The two-headed ogre completely misses you.
The searing ray hits the two-headed ogre.
The two-headed ogre is almost dead.
The two-headed ogre hits you with a giant club!!!
Ouch! That really hurt!
You die...

............#.##.#####........#.#
.......#..#.#.##.# #.####.#.#.#
..##.....#..#.##.# #......
..##....#...#.##.# ###.#.#
ยง...#..#..#.#.##.# #.#.#
......#.....#.##.#####.# #.#.#
.#.#.#........##.......# #.#.#
.......#....#.##.####### ####.#.#
#.#..#..##..#.##@# #####.......
##.#....##..#.##.O..........#....
#..#......#.##.#####.....###...
#........#.##(# #.##..###..# ##
##.#.#.##.# #.###..#..##
#...#.##.# ###..##.....## #.##.#
#............. #.##.#
#..##.........
####.#.##.###.####..._...#


You could see a two-headed ogre.

Vanquished Creatures
  Pikel (D:6)
  Grinder (D:6)
  2 orc warriors
  A black bear (D:6)
  A necrophage (D:5)
  A phantom (D:5)
  2 ogres
  A centaur (D:7)
  3 big kobolds
  2 bullfrogs
  A gnoll sergeant (D:6)
  A scorpion (D:4)
  A bullfrog zombie (D:5)
  3 crimson imps
  A bullfrog skeleton (D:5)
  2 centaur zombies
  5 hounds
  3 orc priests (D:4)
  3 orc wizards
  7 worker ants
  A hound zombie (D:5)
  A worker ant zombie (D:5)
  11 adders
  6 gnolls
  2 river rats (D:4)
  A shadow imp (D:6)
  5 oozes
  2 adder skeletons
  2 worms
  3 dart slugs
  A leopard gecko (D:3)
  19 orcs
  8 giant cockroaches
  8 goblins
  10 hobgoblins
  11 jackals
  7 quokkas
  5 ball pythons
  3 bats
  3 frilled lizards (D:1)
  17 kobolds
  13 rats
181 creatures vanquished.

Vanquished Creatures (others)
  3 slaves (D:6)
  An adder (D:6)
  3 orcs (D:6)
  4 fulminant prisms
11 creatures vanquished.

Grand Total: 192 creatures vanquished

Notes
Turn   | Place    | Note
-------+----------+-------------------------------------------
     0 | D:1      | Mirai the Deep Elf Conjurer began the quest for the Orb.
     0 | D:1      | Reached XP level 1. HP: 10/10 MP: 6/6
   298 | D:1      | Reached skill level 4 in Spellcasting
   298 | D:1      | Reached XP level 2. HP: 15/15 MP: 5/9
   302 | D:1      | Learned a level 2 spell: Searing Ray
  1062 | D:2      | Found an ancient bone altar of Kikubaaqudgha.
  1064 | D:2      | Found an ornate altar of the Wu Jian Council.
  1064 | D:2      | Found a basalt altar of Yredelemnul.
  1065 | D:2      | Found a shadowy altar of Dithmenos.
  1065 | D:2      | Found a bloodstained altar of Trog.
  1084 | D:2      | Reached skill level 5 in Spellcasting
  1084 | D:2      | Reached XP level 3. HP: 18/19 MP: 3/11
  1469 | D:2      | Found a shimmering altar of Xom.
  1473 | D:2      | Found a radiant altar of Vehumet.
  1473 | D:2      | Found a glowing golden altar of the Shining One.
  1495 | D:2      | Reached skill level 6 in Spellcasting
  1495 | D:2      | Reached XP level 4. HP: 10/24 MP: 4/14
  1528 | D:2      | Became a worshipper of Vehumet
  1830 | D:2      | Found a faded altar of an unknown god.
  2444 | D:3      | Reached skill level 7 in Spellcasting
  2446 | D:3      | Reached XP level 5. HP: 28/28 MP: 5/16
  2452 | D:3      | Learned a level 4 spell: Iskenderun's Mystic Blast
  2457 | D:3      | Learned a level 4 spell: Fulminant Prism
  2689 | D:3      | Found a shattered altar of Ashenzari.
  2754 | D:3      | Found a sparkling altar of Nemelex Xobeh.
  2913 | D:3      | Reached * piety under Vehumet
  2913 | D:3      | Offered knowledge of Freeze by Vehumet.
  3179 | D:4      | Reached skill level 8 in Spellcasting
  3197 | D:4      | Found a hide-covered altar of Uskayaw.
  3220 | D:4      | Reached XP level 6. HP: 20/32 MP: 0/19
  3339 | D:4      | Found a glowing drain.
  3411 | Sewer    | Entered a sewer
  3420 | Sewer    | Reached skill level 1 in Hexes
  3654 | Sewer    | Reached skill level 1 in Evocations
  3762 | Sewer    | Offered knowledge of Sandblast by Vehumet.
  3803 | Sewer    | Reached ** piety under Vehumet
  3982 | Sewer    | Reached skill level 9 in Spellcasting
  3982 | Sewer    | Reached XP level 7. HP: 36/36 MP: 9/21
  4170 | D:4      | Reached skill level 5 in Conjurations
  4816 | D:5      | Entered Level 5 of the Dungeon
  5277 | D:5      | Found an opulent altar of Gozag.
  5460 | D:5      | Reached XP level 8. HP: 41/41 MP: 16/23
  5856 | D:6      | Noticed Pikel
  5882 | D:6      | Found a staircase to the Ecumenical Temple.
  5915 | D:6      | Reached skill level 10 in Spellcasting
  5992 | D:6      | Offered knowledge of Throw Frost by Vehumet.
  6144 | D:6      | Reached skill level 5 in Hexes
  6163 | D:6      | Killed Pikel
  6163 | D:6      | Reached skill level 5 in Evocations
  6196 | D:6      | Noticed Grinder
  6422 | D:6      | Killed Grinder
  6422 | D:6      | Reached XP level 9. HP: 29/44 MP: 5/25
  6630 | D:6      | Found Hadareh's Antique Weapon Shoppe.
  6823 | D:6      | Reached *** piety under Vehumet
  6959 | D:6      | Found a stormy altar of Qazlal.
  7286 | D:7      | Reached skill level 11 in Spellcasting
  7423 | D:7      | Offered knowledge of Conjure Flame by Vehumet.
  7432 | D:7      | Learned a level 3 spell: Conjure Flame
  7561 | D:7      | Reached skill level 1 in Fire Magic
  7635 | D:7      | Found a shadowy altar of Dithmenos.
  7677 | D:7      | Found a snail-covered altar of Cheibriados.
  7687 | D:7      | Found Hap Owus's Weapon Emporium.
  7732 | D:7      | Noticed a two-headed ogre
  7739 | D:7      | Annihilated by a two-headed ogre

Skill      XL: |  1  2  3  4  5  6  7  8  9 |
---------------+----------------------------+-----
Spellcasting   | 4 5 6 7 8 9 10 11 | 11.1
Hexes          | 2 4 6 7 |  7.0
Evocations     | 2 3 5 6 |  6.0
Conjurations   | 5 7 |  7.6
Fire Magic     | 1 |  1.5
Dodging        | |  2.4
Stealth        | |  2.4

Action                   |  1- 3 |  4- 6 |  7- 9 || total
-------------------------+-------+-------+-------++-------
Melee: Short sword       |    42 |     5 |       ||    47
       Hand axe          |       |    10 |     4 ||    14
       War axe           |       |       |    20 ||    20
 Cast: Magic Dart        |    54 |    95 |    94 ||   243
       Searing Ray       |     3 |    18 |    46 ||    67
       Iskenderun's Myst |       |     2 |    26 ||    28
       Fulminant Prism   |       |       |     4 ||     4
       Conjure Flame     |       |       |     3 ||     3
Evoke: Wand              |       |     1 |     3 ||     4
  Use: Potion            |     2 |       |     7 ||     9
       Scroll            |       |     9 |     4 ||    13
  Eat: Chunk             |     1 |     8 |     9 ||    18
       Ration            |       |       |     1 ||     1
Armor: Robe              |    11 |    13 |     4 ||    28
       Skin              |    27 |       |       ||    27
       Leather armour    |       |       |    19 ||    19
Dodge: Dodged            |    44 |    51 |    69 ||   164
Block: Buckler           |       |       |     7 ||     7
